 Dungeon Crawl Stone Soup version 0.24-a0-778-g74da537585 (webtiles) character file.

Game seed: 3637072043920183046, levelgen mode: deterministic

6 Kohma the Firebug (level 1, -1/15 HPs)
             Began as a Draconian Fire Elementalist on Oct 7, 2019.
             Slain by a goblin
             ... wielding a +0 club
              (4 damage)
             ... on level 1 of the Dungeon.
             The game lasted 00:01:36 (279 turns).

Kohma the Firebug (Draconian Fire Elementalist)      Turns: 279, Time: 00:01:37

Health: -1/15      AC:  4    Str: 10    XL:     1   Next: 75%
Magic:  2/3        EV: 12    Int: 15    God:
Gold:   4          SH:  0    Dex: 11    Spells: 3/4 levels left

rFire    . . .     SeeInvis .   d - +0 dagger
rCold    . . .     Gourm    .   (no shield)
rNeg     . . .     Faith    .   (armour unavailable)
rPois    .         Spirit   .   (helmet restricted)
rElec    .         Reflect  .   (no cloak)
rCorr    .         Harm     .   (no gloves)
MR       .....                  (no boots)
Stlth    ++........             (no amulet)
HPRegen  0.05/turn              (no ring)
MPRegen  0.08/turn              (no ring)

@: very slightly contaminated
A: unfitting armour, cold-blooded, AC +4
a: no special abilities


You were on level 1 of the Dungeon.
You were not hungry.

You visited 1 branch of the dungeon, and saw 1 of its levels.

You collected 4 gold pieces.

Inventory:

Hand Weapons
 d - a +0 dagger (weapon)
Jewellery
 a - an uncursed ring of ice {unknown}
Comestibles
 b - 2 rations
 c - 6 chunks of flesh


   Skills:
 + Level 0.4 Fighting
 - Level 1.7 Dodging
 - Level 1.7 Stealth
 + Level 2.1 Spellcasting
 * Level 1.3 Conjurations
 + Level 3.0 Fire Magic


You had 3 spell levels left.
You knew the following spells:

 Your Spells              Type           Power        Failure   Level  Hunger
a - Flame Tongue          Conj/Fire      #....        9%          1    #......

Your spell library contained the following spells:

 Spells                   Type           Power        Failure   Level  Hunger
 Throw Flame              Conj/Fire      #.....       13%         2    ###....
 Conjure Flame            Conj/Fire      #.......     26%         3    ###....
 Inner Flame              Hex/Fire       #.......     34%         3    ###....
 Sticky Flame             Conj/Fire      #.......     65%         4    #####..
 Fireball                 Conj/Fire      #.........   94%         5    ######.


Dungeon Overview and Level Annotations

Branches:
Dungeon (1/15)

Altars:


Innate Abilities, Weirdness & Mutations

Your plain brown scales are hard. (AC +4)
You cannot fit into any form of body armour.
You are cold-blooded and may be slowed by cold attacks.


Message History

You hit the rat.
You kill the rat!
You closely miss the goblin. The goblin hits you with a +0 club.
You hit the goblin but do no damage. The goblin closely misses you.
You hit the goblin.
Your tail-slap misses the goblin.
The goblin is moderately wounded.
The goblin hits you with a +0 club.
* * * LOW HITPOINT WARNING * * *
You closely miss the goblin.
The goblin is moderately wounded.
The goblin hits you but does no damage.
Casting: Flame Tongue (safe; 9% risk of failure)
Confirm with . or Enter, or press ? or * to list all spells.
Aiming: Flame Tongue (safe; 9% risk of failure)
Press: ? - help, Shift-Dir - straight line, f - goblin
Aim: a goblin, wielding a +0 club (moderately wounded)
You miscast Flame Tongue.
You are very lightly contaminated with residual magic.
Nothing appears to happen.
The goblin hits you with a +0 club.
You die...

#. #...# . #.# ##.##
.. #.# ####†# ...
#.###.##.## ....
##.##..#...# #..##
#..##..'...# #....##
##..##..#...# #..####
#.......##### ##gg@.#
#...##..##
####.###..###...###.
#.....## #.#.....
####...####...##.#
#.................
#####.###.....##..###.
#>.....)...#.###÷.#
.......##........÷#
.#######...#...##.#


You could see a hobgoblin and a goblin.

Vanquished Creatures
  A hobgoblin (D:1)
  A kobold (D:1)
  A bat (D:1)
  4 rats (D:1)
7 creatures vanquished.

Notes
Turn   | Place    | Note
-------+----------+-------------------------------------------
     0 | D:1      | Kohma the Draconian Fire Elementalist began the quest for
                  | the Orb.
     0 | D:1      | Reached XP level 1. HP: 14/14 MP: 3/3
   279 | D:1      | Slain by a goblin

Levels and vault maps discovered:
D:1:      minmay_arrival_nine_rooms, layout_rooms

Action                   || total
-------------------------++-------
Melee: Unarmed           ||    15
       Dagger            ||    13
 Cast: Flame Tongue      ||     8
Armor: Skin              ||     8
Dodge: Dodged            ||    16

Table legend:
 A = Non-vault XP
 B = Vault XP
 C = Vault XP percentage of total XP
 D = Non-vault monster count
 E = Vault monster count
 F = Vault count percentage of total count
                 A         B        C        D         E       F
            +---------+---------+-------+---------+---------+-------
      Total |       9 |       0 |   0.0 |       7 |       0 |   0.0
            +---------+---------+-------+---------+---------+-------
        D:1 |       9 |       0 |   0.0 |       7 |       0 |   0.0
            +---------+---------+-------+---------+---------+-------
